 Dungeon Crawl Stone Soup version 0.25.1-1-g288607f5aa (webtiles) character file.

Game seed: 696247635451408653

22 Kold the Insei (level 2, -25/18 HPs)
             Began as an Octopode Transmuter on July 25, 2020.
             Killed from afar by a hobgoblin (41 damage)
             ... with an exploding inner flame
             ... hexed by the player character
             ... on level 1 of the Dungeon.
             The game lasted 00:01:10 (1064 turns).

Kold the Insei (Octopode Transmuter)                Turns: 1064, Time: 00:01:10

Health: -25/18     AC:  1    Str:  9    XL:     2   Next: 91%
Magic:  5/5        EV: 13    Int: 15    God:
Gold:   15         SH:  0    Dex: 12    Spells: 4/5 levels left

rFire    . . .     SeeInvis .     - Unarmed
rCold    . . .     Gourm    .   (no shield)
rNeg     . . .     Faith    .   (helmet restricted)
rPois    .         Spirit   .   (no amulet)
rElec    .         Reflect  .   i - ring of attention (curse)
rCorr    .         Harm     .   (no ring)
MR       .....                  (no ring)
Stlth    ++........             (no ring)
HPRegen  0.06/turn              (no ring)
MPRegen  0.09/turn              (no ring)
                                (no ring)
                                (no ring)

@: no status effects
A: almost no armour, stealthy swim, amphibious, 8 rings, constrict 8, camouflage
1, gelatinous body 1
a: no special abilities


You were on level 1 of the Dungeon.
You were hungry.

You visited 1 branch of the dungeon, and saw 1 of its levels.

You collected 15 gold pieces.

Inventory:

Missiles
 a - 12 arrows
Jewellery
 i - a cursed ring of attention (left tentacle)
Potions
 b - a potion of haste {unknown}
 e - a potion of stabbing {unknown}
 j - 2 potions of curing {unknown}
Comestibles
 c - 2 rations
 f - a chunk of flesh


   Skills:
 - Level 1.0 Fighting
 - Level 2.0 Dodging
 - Level 2.0 Stealth
 + Level 3.3 Unarmed Combat
 - Level 2.0 Spellcasting
 + Level 2.4 Transmutations


You had 4 spell levels left.
You knew the following spells:

 Your Spells              Type           Power        Failure   Level  Hunger
a - Beastly Appendage     Tmut           #.....       9%          1    #......

Your spell library contained the following spells:

 Spells                   Type           Power        Failure   Level  Hunger
 Sticks to Snakes         Tmut           #.......     12%         2    ###....
 Spider Form              Tmut/Pois      #.........   38%         3    ###....
 Ice Form                 Ice/Tmut       #.......     80%         4    #####..
 Blade Hands              Tmut           #.........   92%         5    ######.


Dungeon Overview and Level Annotations

Branches:
Dungeon (1/15)

Altars:


Innate Abilities, Weirdness & Mutations

You cannot wear most types of armour.
You are very stealthy in the water. (Stealth+)
You are amphibious.
You can wear up to eight rings at the same time.
You can use your tentacles to constrict eight enemies at once.
Your skin changes colour to match your surroundings (Stealth+).
Your rubbery body absorbs attacks. (AC +1, EV +1)


Message History

As you read the scroll labeled VIBBIF ELETO, it crumbles to dust.
You hear a loud clanging noise!
It was a scroll of noise.
You see here a ration.
c - 2 rations (gained 1)
Your surroundings seem slightly different.
The hobgoblin barely misses you.
You tentacle-slap the hobgoblin but do no damage.
Your grab misses the hobgoblin. The hobgoblin barely misses you.
You tentacle-slap the plant. You grab the plant.
The plant is lightly damaged.
You constrict the plant, but do no damage.
The hobgoblin hits you.
You release your grip on the plant.
You tentacle-slap the hobgoblin.
Flame seeps out of the hobgoblin.
Your grab misses the hobgoblin. You squeeze the hobgoblin.
The hobgoblin explodes!
The fiery explosion engulfs you!!!
Ouch! That really hurt!
You die...

≈≈≈≈≈≈♣...##.#.#.##.#.#
..♣♣≈≈≈≈..P##.#.#.#.#..#
P..≈.♣≈≈.w.P....#......#
....P.≈....P#.#######.##
.....♣..♣.†##.# #.#
#########.###.### #.#
#§#.....# #.# #○#.....#
#.# #######@#.>...# #.#
#.......#.....#
#.###.........#
##...#.##### #....#.#
#.##..(##÷#
#.....(...#####
####.#......[.####.#
#.#.#..###).....#


You could see a dart slug (inner flame).

Vanquished Creatures
  A dart slug (D:1)
  4 leopard geckos (D:1)
  6 bats (D:1)
  A kobold (D:1)
  A frilled lizard (D:1)
  3 goblins (D:1)
  A rat (D:1)
17 creatures vanquished.

Notes
Turn   | Place    | Note
-------+----------+-------------------------------------------
     0 | D:1      | Kold the Octopode Transmuter began the quest for the Orb.
     0 | D:1      | Reached XP level 1. HP: 13/13 MP: 3/3
   501 | D:1      | Reached skill level 1 in Stealth
   517 | D:1      | Reached XP level 2. HP: 11/18 MP: 5/5
  1064 | D:1      | Killed from afar by a hobgoblin

Illustrated notes

Levels and vault maps discovered:
D:1:      dpeg_arrival_erosion, layout_loops_cross, serial_bayou_pond_a

Skill      XL: |  1  2 |
---------------+-------+-----
Stealth        | 1 2 |  2.0
Fighting       | |  1.0
Dodging        | |  2.0
Unarmed Combat | |  3.3
Spellcasting   | |  2.0
Transmutations | |  2.4

Action                   || total
-------------------------++-------
Melee: Unarmed           ||    57
       Constrict         ||    15
       Tentacles         ||     5
       Kick              ||     4
 Cast: Beastly Appendage ||     7
  Use: Scroll            ||     3
 Stab: Sleeping          ||     5
Armor: Skin              ||    10
Dodge: Dodged            ||    48
